TOP OF THE 1ST |
Round Rock Express batting - Pitching for Oklahoma City Dodgers : RHP Ted Spann
|
Pitching: RHP Ted Spann
|
|
Batting: RHB Barrett Youngs
|
0-0: Foul Ball, location: 2F 0-1: Ball 1-1: Ball 2-1: DOUBLE (Flyball, 78D, EV 91.9 MPH)
|
Batting: RHB Mike Perkins
|
0-0: Called Strike 0-1: Swinging Strike 0-2: Fly out, F8 (Flyball, 8RD, EV 78.1 MPH)
|
Batting: RHB Ryan Keeny
|
0-0: Foul Ball, location: 5F 0-1: Swinging Strike 0-2: Foul Ball, location: 2F 0-2: SINGLE (Line Drive, 8RS, EV 92.5 MPH) Barrett Youngs to third Runner from 3rd tries for Home, SAFE, throw by CF to home
|
Batting: SHB John Fuller
|
0-0: SINGLE (Groundball, 6MD, EV 93.8 MPH) Ryan Keeny to second
|
Batting: RHB Nate Montanye
|
0-0: DOUBLE (Line Drive, 9LS, EV 107.5 MPH) Ryan Keeny scores John Fuller to third
|
Batting: RHB Scott Anderson
|
0-0: Foul Ball, location: 2F 0-1: Ball 1-1: Called Strike 1-2: Foul Ball, location: 2F 1-2: Strikes out swinging
|
Batting: RHB Pat Crofton
|
0-0: Ball 1-0: Called Strike 1-1: Ball 2-1: Ball 3-1: Swinging Strike 3-2: Strikes out swinging
|
Top of the 1st over - 2 runs, 4 hits, 0 errors, 2 left on base; Round Rock 2 - Oklahoma City 0 |
BOTTOM OF THE 1ST |
Oklahoma City Dodgers batting - Pitching for Round Rock Express : RHP Gabe Converse
|
Pitching: RHP Gabe Converse
|
|
Batting: LHB Sean Gibson
|
0-0: Ball 1-0: Ball 2-0: Ball 3-0: Base on Balls
|
Batting: LHB Marcos Rosario
|
0-0: Called Strike Sean Gibson steals 2nd base 0-1: Ball 1-1: Ball 2-1: Ball 3-1: Fly out, F9 (Flyball, 9S, EV 95.0 MPH)
|
Batting: LHB Ricky Alvarez
|
0-0: 2-RUN HOME RUN (Flyball, 7D, EV 100.0 MPH), Distance : 356 ft
|
Batting: SHB Justin Ellis
|
0-0: Ball 1-0: Foul Ball, location: 3F 1-1: Foul Ball, location: 7LSF 1-2: Foul Ball, location: 2F 1-2: Strikes out swinging
|
Batting: RHB Alex Parra
|
0-0: Ball 1-0: Foul Ball, location: 9LMF 1-1: Called Strike 1-2: Ball 2-2: Ground out 4-3 (Groundball, 4, EV 84.4 MPH)
|
Bottom of the 1st over - 2 runs, 1 hit, 0 errors, 0 left on base; Round Rock 2 - Oklahoma City 2 |
TOP OF THE 2ND |
Round Rock Express batting - Pitching for Oklahoma City Dodgers : RHP Ted Spann
|
Batting: RHB Sal Sandoval
|
0-0: Ball 1-0: SINGLE (Groundball, 6MD, EV 95.6 MPH)
|
Batting: RHB Justin Mathieu
|
0-0: Bunted foul 0-1: DOUBLE (Flyball, 89D, EV 100.6 MPH) Sal Sandoval to third
|
Batting: RHB Barrett Youngs
|
0-0: Ball 1-0: Foul Ball, location: 2F 1-1: Ball 2-1: Ball 3-1: Ground out U3 (Groundball, 34, EV 92.5 MPH) Sal Sandoval scores Justin Mathieu to third
|
Batting: RHB Mike Perkins
|
0-0: Called Strike 0-1: Fly out, F3 (Popup, 3F, EV 71.3 MPH)
|
Batting: RHB Ryan Keeny
|
0-0: Ball 1-0: Called Strike 1-1: Ball 2-1: Ground out 5-3 (Groundball, 56, EV 85.0 MPH)
|
Top of the 2nd over - 1 run, 2 hits, 0 errors, 1 left on base; Round Rock 3 - Oklahoma City 2 |
BOTTOM OF THE 2ND |
Oklahoma City Dodgers batting - Pitching for Round Rock Express : RHP Gabe Converse
|
Batting: RHB Raul Vara
|
0-0: Called Strike 0-1: Swinging Strike 0-2: Ball 1-2: Strikes out swinging
|
Batting: SHB Bob Porter
|
0-0: Foul Ball, location: 2F 0-1: Ball 1-1: Foul Ball, location: 2F 1-2: Strikes out looking
|
Batting: RHB Keegan Huggett
|
0-0: Ground out 4-3 (Groundball, 4, EV 85.6 MPH)
|
Bottom of the 2nd over - 0 runs, 0 hits, 0 errors, 0 left on base; Round Rock 3 - Oklahoma City 2 |
TOP OF THE 3RD |
Round Rock Express batting - Pitching for Oklahoma City Dodgers : RHP Ted Spann
|
Batting: SHB John Fuller
|
0-0: Swinging Strike 0-1: Fly out, F8 (Line Drive, 8RD, EV 79.4 MPH)
|
Batting: RHB Nate Montanye
|
0-0: Ball 1-0: Foul Ball, location: 9LDF 1-1: Foul Ball, location: 3FF 1-2: Ball 2-2: Ball 3-2: Ground out 5-3 (Groundball, 56S, EV 91.9 MPH)
|
Batting: RHB Scott Anderson
|
0-0: Ball 1-0: Called Strike 1-1: SINGLE (Line Drive, 9S, EV 88.8 MPH)
|
Batting: RHB Pat Crofton
|
0-0: Ball Scott Anderson steals 2nd base 1-0: Ball 2-0: Ball 3-0: Called Strike 3-1: Swinging Strike 3-2: Ground out 4-3 (Groundball, 4, EV 105.6 MPH)
|
Top of the 3rd over - 0 runs, 1 hit, 0 errors, 1 left on base; Round Rock 3 - Oklahoma City 2 |
BOTTOM OF THE 3RD |
Oklahoma City Dodgers batting - Pitching for Round Rock Express : RHP Gabe Converse
|
Batting: RHB Aaron Rego
|
0-0: Ground out 1-3 (Groundball, 15S, EV 61.9 MPH)
|
Batting: LHB Sean Gibson
|
0-0: Ball 1-0: Foul Ball, location: 3F 1-1: Swinging Strike 1-2: Ball 2-2: Foul Ball, location: 3F 2-2: DOUBLE (Line Drive, 9LM, EV 110.6 MPH)
|
Batting: LHB Marcos Rosario
|
0-0: Called Strike 0-1: Called Strike 0-2: Foul Ball, location: 2LF 0-2: Ball 1-2: Foul Ball, location: 7LMF 1-2: Foul Ball, location: 7LDF 1-2: Foul Ball, location: 7LDF 1-2: Foul Ball, location: 7LDF 1-2: Hit by Pitch
|
Batting: LHB Ricky Alvarez
|
0-0: Ball 1-0: Called Strike 1-1: DOUBLE (Flyball, 89XD, EV 98.1 MPH) Sean Gibson scores Marcos Rosario to third
|
Batting: SHB Justin Ellis
|
0-0: Ball 1-0: Ball 2-0: Ball 3-0: Called Strike 3-1: Called Strike 3-2: Ground out 4-3 (Groundball, 4, EV 101.3 MPH)
|
Batting: RHB Alex Parra
|
0-0: Foul Ball, location: 9LDF 0-1: 3-RUN HOME RUN (Flyball, 7D, EV 96.9 MPH), Distance : 358 ft
|
Pitching: RHP Justin Denton
|
|
Batting: RHB Raul Vara
|
0-0: Ball 1-0: Called Strike 1-1: Ball 2-1: Swinging Strike 2-2: Strikes out looking
|
Bottom of the 3rd over - 4 runs, 3 hits, 0 errors, 0 left on base; Round Rock 3 - Oklahoma City 6 |
TOP OF THE 4TH |
Round Rock Express batting - Pitching for Oklahoma City Dodgers : RHP Ted Spann
|
Batting: RHB Sal Sandoval
|
0-0: Ball 1-0: Ball 2-0: Ball 3-0: Called Strike 3-1: Foul Ball, location: 3FF 3-2: Fly out, F6 (Popup, 15, EV 75.6 MPH)
|
Batting: RHB Justin Mathieu
|
0-0: Ball 1-0: Ball 2-0: Ground out 4-3 (Groundball, 4, EV 85.0 MPH)
|
Batting: RHB Barrett Youngs
|
0-0: Ground out 4-3 (Groundball, 4, EV 90.6 MPH)
|
Top of the 4th over - 0 runs, 0 hits, 0 errors, 0 left on base; Round Rock 3 - Oklahoma City 6 |
BOTTOM OF THE 4TH |
Oklahoma City Dodgers batting - Pitching for Round Rock Express : RHP Justin Denton
|
Batting: SHB Bob Porter
|
0-0: Fly out, F8 (Flyball, 8RM, EV 86.9 MPH)
|
Batting: RHB Keegan Huggett
|
0-0: Ball 1-0: Foul Ball, location: 9LSF 1-1: Foul Ball, location: 2F 1-2: Foul Ball, location: 7LSFF 1-2: Ball 2-2: SINGLE (Line Drive, 8RM, EV 103.8 MPH)
|
Batting: RHB Aaron Rego
|
0-0: Foul Ball, location: 23F 0-1: Swinging Strike 0-2: Foul Ball, location: 9LDF 0-2: Strikes out swinging
|
Batting: LHB Sean Gibson
|
0-0: Called Strike 0-1: Foul Ball, location: 2F 0-2: Foul Ball, location: 2F 0-2: Ball 1-2: Ball 2-2: Ball 3-2: SINGLE (Groundball, 6MD, EV 108.1 MPH) Keegan Huggett to second Keegan Huggett to third
|
Batting: LHB Marcos Rosario
|
0-0: Ball 1-0: Ball 2-0: Called Strike 2-1: Foul Ball, location: 2F 2-2: Strikes out swinging, 2-3 out at first.
|
Bottom of the 4th over - 0 runs, 2 hits, 0 errors, 2 left on base; Round Rock 3 - Oklahoma City 6 |
TOP OF THE 5TH |
Round Rock Express batting - Pitching for Oklahoma City Dodgers : RHP Ted Spann
|
Batting: RHB Mike Perkins
|
0-0: Hit by Pitch
|
Batting: RHB Ryan Keeny
|
0-0: Called Strike 0-1: Ball Wild Pitch! Mike Perkins to second 1-1: Swinging Strike 1-2: Ground out 6-3 (Groundball, 6, EV 106.3 MPH)
|
Batting: SHB John Fuller
|
0-0: Swinging Strike 0-1: Ground out 4-3 (Groundball, 4, EV 106.9 MPH) Mike Perkins to third
|
Batting: RHB Nate Montanye
|
0-0: Ball 1-0: Called Strike 1-1: Ball 2-1: Foul Ball, location: 2F 2-2: Fly out, F8 (Flyball, 8LD, EV 95.0 MPH)
|
Top of the 5th over - 0 runs, 0 hits, 0 errors, 1 left on base; Round Rock 3 - Oklahoma City 6 |
BOTTOM OF THE 5TH |
Oklahoma City Dodgers batting - Pitching for Round Rock Express : RHP Justin Denton
|
Batting: LHB Ricky Alvarez
|
0-0: SINGLE (Flyball, 89S, EV 91.9 MPH)
|
Batting: SHB Justin Ellis
|
0-0: Foul Ball, location: 2F 0-1: Foul Ball, location: 9LSF 0-2: Ball 1-2: Ball 2-2: 2-RUN HOME RUN (Flyball, 89XD, EV 100.0 MPH), Distance : 396 ft
|
Batting: RHB Alex Parra
|
0-0: Ball 1-0: Foul Ball, location: 5SF 1-1: Called Strike 1-2: Strikes out swinging
|
Batting: RHB Raul Vara
|
0-0: Ball 1-0: Swinging Strike 1-1: Called Strike 1-2: Foul Ball, location: 2F 1-2: Ball 2-2: Ball 3-2: Base on Balls
|
Batting: SHB Bob Porter
|
0-0: Ball 1-0: Ball 2-0: Called Strike 2-1: Swinging Strike 2-2: Strikes out swinging
|
Pitching: LHP Keith Strickland
|
|
Batting: RHB Keegan Huggett
|
0-0: Swinging Strike 0-1: Foul Ball, location: 2F 0-2: Foul Ball, location: 23F 0-2: Ball 1-2: Foul Ball, location: 2LF 1-2: Ground out 5-3 (Groundball, 56, EV 100.0 MPH)
|
Bottom of the 5th over - 2 runs, 2 hits, 0 errors, 1 left on base; Round Rock 3 - Oklahoma City 8 |
TOP OF THE 6TH |
Round Rock Express batting - Pitching for Oklahoma City Dodgers : RHP Ted Spann
|
Batting: RHB Scott Anderson
|
0-0: Ball 1-0: Swinging Strike 1-1: Foul Ball, location: 25F 1-2: Ball 2-2: Foul Ball, location: 3DF 2-2: Fly out, F3 (Line Drive, 34, EV 95.6 MPH)
|
Batting: RHB Pat Crofton
|
0-0: Ball 1-0: Called Strike 1-1: Called Strike 1-2: Ground out 6-3 (Groundball, 6, EV 101.9 MPH)
|
Batting: RHB Sal Sandoval
|
0-0: Swinging Strike 0-1: Swinging Strike 0-2: Strikes out swinging
|
Top of the 6th over - 0 runs, 0 hits, 0 errors, 0 left on base; Round Rock 3 - Oklahoma City 8 |
BOTTOM OF THE 6TH |
Oklahoma City Dodgers batting - Pitching for Round Rock Express : LHP Keith Strickland
|
Batting: RHB Aaron Rego
|
0-0: Called Strike 0-1: Ball 1-1: Fly out, F9 (Flyball, 89M, EV 86.3 MPH)
|
Batting: LHB Sean Gibson
|
0-0: Ball 1-0: Swinging Strike 1-1: Called Strike 1-2: Ball 2-2: Foul Ball, location: 2F 2-2: Foul Ball, location: 23F 2-2: Fly out, F8 (Flyball, 8RD, EV 86.9 MPH)
|
Batting: LHB Marcos Rosario
|
0-0: Ball 1-0: Ball 2-0: Called Strike 2-1: Foul Ball, location: 25F 2-2: Ball 3-2: Foul Ball, location: 2F 3-2: Strikes out swinging
|
Bottom of the 6th over - 0 runs, 0 hits, 0 errors, 0 left on base; Round Rock 3 - Oklahoma City 8 |
TOP OF THE 7TH |
Round Rock Express batting - Pitching for Oklahoma City Dodgers : RHP Ted Spann
|
Batting: RHB Justin Mathieu
|
0-0: Called Strike 0-1: Ball 1-1: Ball 2-1: Ball 3-1: Called Strike 3-2: Strikes out swinging
|
Pitching: RHP Rich Kraus
|
|
Batting: RHB Barrett Youngs
|
0-0: Swinging Strike 0-1: Ground out 6-3 (Groundball, 6, EV 105.0 MPH)
|
Batting: RHB Mike Perkins
|
0-0: Ball 1-0: DOUBLE (Flyball, 9LD, EV 107.5 MPH)
|
Batting: RHB Ryan Keeny
|
0-0: Ground out 6-3 (Groundball, 6, EV 91.9 MPH)
|
Top of the 7th over - 0 runs, 1 hit, 0 errors, 1 left on base; Round Rock 3 - Oklahoma City 8 |
BOTTOM OF THE 7TH |
Oklahoma City Dodgers batting - Pitching for Round Rock Express : LHP Keith Strickland
|
Batting: LHB Ricky Alvarez
|
0-0: Foul Ball, location: 2F 0-1: Swinging Strike 0-2: Ball 1-2: Ball 2-2: Ball 3-2: Strikes out swinging
|
Batting: SHB Justin Ellis
|
0-0: Ball 1-0: Swinging Strike 1-1: Swinging Strike 1-2: Strikes out looking
|
Batting: RHB Alex Parra
|
0-0: Ball 1-0: SINGLE (Line Drive, 4D, EV 96.9 MPH)
|
Batting: RHB Raul Vara
|
0-0: Ball 1-0: Ball 2-0: Called Strike 2-1: Ball 3-1: Ground out 5-3 (Groundball, 56S, EV 86.3 MPH)
|
Bottom of the 7th over - 0 runs, 1 hit, 0 errors, 1 left on base; Round Rock 3 - Oklahoma City 8 |
TOP OF THE 8TH |
Round Rock Express batting - Pitching for Oklahoma City Dodgers : RHP Rich Kraus
|
Batting: SHB John Fuller
|
0-0: Foul Ball, location: 23F 0-1: Ball 1-1: Called Strike 1-2: Ball 2-2: Ball 3-2: Foul Ball, location: 5F 3-2: Strikes out looking
|
Batting: RHB Nate Montanye
|
0-0: Foul Ball, location: 2F 0-1: Ball 1-1: Swinging Strike 1-2: Ball 2-2: Strikes out looking
|
Batting: RHB Scott Anderson
|
0-0: Ball 1-0: Fly out, F9 (Flyball, 9, EV 96.3 MPH)
|
Top of the 8th over - 0 runs, 0 hits, 0 errors, 0 left on base; Round Rock 3 - Oklahoma City 8 |
BOTTOM OF THE 8TH |
Oklahoma City Dodgers batting - Pitching for Round Rock Express : LHP Keith Strickland
|
Batting: SHB Bob Porter
|
0-0: Foul Ball, location: 3DF 0-1: Fly out, F8 (Flyball, 8RM, EV 73.1 MPH)
|
Batting: RHB Keegan Huggett
|
0-0: Ball 1-0: Called Strike 1-1: Ball 2-1: DOUBLE (Flyball, 8RXD, EV 110.6 MPH)
|
Pitching: RHP David Ruff
|
|
Batting: RHB Aaron Rego
|
0-0: Ball 1-0: Ball 2-0: Called Strike 2-1: SINGLE (Line Drive, 4D, EV 103.1 MPH) Keegan Huggett to third
|
Batting: LHB Sean Gibson
|
0-0: Called Strike 0-1: Ball 1-1: Ball 2-1: Swinging Strike 2-2: Strikes out swinging
|
Batting: LHB Marcos Rosario
|
0-0: Called Strike 0-1: Ball 1-1: 3-RUN HOME RUN (Flyball, 7LD, EV 91.3 MPH), Distance : 353 ft
|
Pinch Hitting: RHB Eric Mason
|
0-0: Ball 1-0: Ball 2-0: Hit by Pitch
|
Batting: SHB Justin Ellis
|
0-0: Called Strike 0-1: Foul Ball, location: 25F 0-2: Strikes out looking
|
Bottom of the 8th over - 3 runs, 3 hits, 0 errors, 1 left on base; Round Rock 3 - Oklahoma City 11 |
TOP OF THE 9TH |
Round Rock Express batting - Pitching for Oklahoma City Dodgers : RHP Rich Kraus
|
Now at 1B: Eric Mason
|
|
Pinch Hitting: RHB Ricardo Ramos
|
0-0: Called Strike 0-1: Foul Ball, location: 2F 0-2: Ball 1-2: Foul Ball, location: 2F 1-2: Strikes out swinging
|
Batting: RHB Sal Sandoval
|
0-0: Ball 1-0: Ball 2-0: Called Strike 2-1: Fly out, F9 (Line Drive, 9, EV 92.5 MPH)
|
Batting: RHB Justin Mathieu
|
0-0: Foul Ball, location: 2F 0-1: Ball 1-1: Ball 2-1: Fly out, F8 (Flyball, 8LS, EV 91.3 MPH)
|
Top of the 9th over - 0 runs, 0 hits, 0 errors, 0 left on base; Round Rock 3 - Oklahoma City 11 |
|